 Dungeon Crawl Stone Soup version 0.25-a0-834-g55863b0b92 (webtiles) character file.

Game seed: 6566670404222349070, levelgen mode: deterministic

55451 Maedhros the Blocker (level 14, -5/93 HPs)
             Began as an Octopode Artificer on Apr 22, 2020.
             Was an Elder of Cheibriados.
             Hit by a large rock thrown by a cyclops (30 damage)
             ... on level 2 of the Orcish Mines.
             The game lasted 01:07:34 (10002 turns).

Maedhros the Blocker (Octopode Artificer)          Turns: 10002, Time: 01:07:35

Health: -5/93      AC:  2    Str: 19    XL:     14   Next: 77%
Magic:  0/23       EV: 21    Int: 18    God:    Cheibriados [****..]
Gold:   2272       SH: 16    Dex: 25    Spells: 4/13 levels left

rFire    . . .     SeeInvis +     - Unarmed
rCold    . . .     Gourm    .   D - +2 kite shield
rNeg     . . .     Faith    .   M - +1 hat
rPois    +         Spirit   +   q - amulet of guardian spirit
rElec    .         Reflect  .   s - ring of poison resistance
rCorr    .         Harm     .   K - ring "Gumof" {Int-5 Slay+6 SInv Stlth+}
MR       ++...                  (no ring)
Stlth    +++++++...             (no ring)
HPRegen  0.25/turn              (no ring)
MPRegen  0.18/turn              (no ring)
                                (no ring)
                                (no ring)

@: very slow
A: almost no armour, stealthy swim, amphibious, 8 rings, constrict 8, camouflage
1, high mp 1, magic resistance 1, weak 1, gelatinous body 1
a: Bend Time, Temporal Distortion, Slouch, Renounce Religion


You were on level 2 of the Orcish Mines.
You worshipped Cheibriados.
Cheibriados was greatly pleased with you.
You were very hungry.

You visited 4 branches of the dungeon, and saw 20 of its levels.

You collected 3295 gold pieces.
You spent 1023 gold pieces at shops.

Inventory:

Hand Weapons
 h - a +0 hunting sling
 w - the +12 falchion of Linearity {freeze, rC- Str+4 Dex+7}
   (You found it on level 1 of the Lair of Beasts)

   It has been specially enchanted to freeze those struck by it, causing extra
   injury to most foes and up to half again as much damage against particularly
   susceptible opponents.
   It can also slow down cold-blooded creatures.
   It affects your strength (+4).
   It affects your dexterity (+7).
   It makes you vulnerable to cold.
 L - the +5 dagger of Devotion {venom, rPois Str+4, unknown}
   (You found it on level 4 of the Lair of Beasts)

   It poisons the flesh of those it strikes.
   It affects your strength (+4).
   It protects you from poison.
 P - the cursed +2 hunting sling "Essudoff" {venom, Str+3 Int+2}
   (You bought it in a shop on level 2 of the Orcish Mines)

   It poisons the ammo it fires.
   It affects your strength (+3).
   It affects your intelligence (+2).
   It has a curse placed upon it.
Missiles
 d - 164 sling bullets
 g - 45 poisoned darts
 n - a throwing net
 p - 8 atropa-tipped darts
 u - 11 boomerangs
 x - 18 curare-tipped darts (quivered)
 J - 6 javelins
Armour
 D - a +2 kite shield (worn)
 M - a +1 hat (worn)
Jewellery
 q - an amulet of guardian spirit (around mantle)
 s - a ring of poison resistance (left tentacle)
 K - the ring "Gumof" (right tentacle) {Int-5 Slay+6 SInv Stlth+}
   (You acquired it on level 6 of the Lair of Beasts)

   [ring of stealth]

   It affects your intelligence (-5).
   It affects your accuracy and damage with ranged weapons and melee attacks
   (+6).
   It lets you see invisible.
   It makes you more stealthy.
Wands
 j - a wand of polymorph (16)
 o - a wand of digging (4)
 G - a wand of flame (9)
 I - a wand of clouds (3)
Scrolls
 b - 8 scrolls of enchant weapon
 e - 2 scrolls of immolation
 l - 4 scrolls of teleportation
 t - 3 scrolls of summoning
 y - 2 scrolls of remove curse
 B - 4 scrolls of fog
 E - 2 scrolls of amnesia
 F - a scroll of magic mapping
 H - 2 scrolls of identify
 O - a scroll of fear
Potions
 a - a potion of magic
 c - 3 potions of brilliance
 i - a potion of curing
 m - a potion of stabbing
 r - 2 potions of cancellation
 v - a potion of might
 A - 3 potions of flight
 C - a potion of ambrosia
Miscellaneous
 k - a lightning rod (3/4)
 z - a phantom mirror
Comestibles
 f - 37 rations
 N - 21 chunks of flesh


   Skills:
 + Level 7.7 Fighting
 - Level 1.0 Short Blades
 + Level 7.9 Dodging
 - Level 9.6 Stealth
 * Level 13.1 Shields
 - Level 10.2 Unarmed Combat
 - Level 2.5 Conjurations
 - Level 5.6 Charms
 - Level 2.0 Necromancy
 - Level 2.0 Translocations
 - Level 5.7 Ice Magic
 - Level 2.5 Air Magic
 - Level 4.6 Poison Magic
 - Level 10.2 Invocations
 - Level 6.1 Evocations


You had 4 spell levels left.
You knew the following spells:

 Your Spells              Type           Power        Failure   Level  Hunger
a - Mephitic Cloud        Conj/Pois/Air  ##......     22%         3    ####...
b - Beastly Appendage     Tmut           #.....       28%         1    ##.....
c - Animate Skeleton      Necr           N/A          12%         1    ##.....
d - Apportation           Tloc           #.....       12%         1    ##.....
e - Ozocubu's Armour      Chrm/Ice       ###.....     9%          3    ####...

Your spell library contained the following spells:

 Spells                   Type           Power        Failure   Level  Hunger
 Freeze                   Ice            ###.         2%          1    ##.....
 Frozen Ramparts          Ice            ###...       8%          3    ####...
 Shroud of Golubria       Chrm/Tloc      ##....       9%          2    ###....
 Magic Dart               Conj           #...         10%         1    ##.....
 Searing Ray              Conj           #.....       16%         2    ###....
 Blink                    Tloc           N/A          19%         2    ###....
 Corona                   Hex            #......      28%         1    ##.....
 Summon Small Mammal      Summ           #...         28%         1    ##.....
 Spider Form              Tmut/Pois      #.........   32%         3    ####...
 Gell's Gravitas          Tloc           #.........   36%         3    ####...
 Lesser Beckoning         Tloc           #.........   36%         3    ####...
 Teleport Other           Tloc           #.......     36%         3    ####...
 Call Imp                 Summ           #.......     38%         2    ###....
 Slow                     Hex            #.......     38%         2    ###....
 Sticks to Snakes         Tmut           #.......     38%         2    ###....
 Conjure Flame            Conj/Fire      #.......     45%         3    ####...
 Dazzling Flash           Conj/Hex       #.....       45%         3    ####...
 Hailstorm                Conj/Ice       ##......     45%         4    #####..
 Ice Form                 Ice/Tmut       ##......     65%         4    #####..
 Summon Ice Beast         Ice/Summ       ##......     65%         4    #####..
 Iskenderun's Mystic Bla  Conj/Tloc      #.......     73%         4    #####..
 Passage of Golubria      Tloc           N/A          77%         4    #####..
 Fulminant Prism          Conj/Hex       #.........   86%         4    #####..
 Cause Fear               Hex            #.........   95%         4    #####..
 Silence                  Hex/Air        #.........   99%         5    ######.
 Blade Hands              Tmut           #.........   100%        5    ######.
 Yara's Violent Unravell  Hex/Tmut       #.........   100%        5    ######.
 Discord                  Hex            #.........   100%        8    #######


Dungeon Overview and Level Annotations

Branches:
Dungeon (11/15)            Temple (1/1) D:7            Lair (6/6) D:11
 Shoals (0/4) Lair:4       Spider (0/4) Lair:2          Orc (2/2) D:10
    Elf (0/3) Orc:2
  Slime: Lair:5-6

Altars:
Ashenzari
Cheibriados
Dithmenos
Fedhas
Gozag
Hepliaklqana
Makhleb
Nemelex Xobeh
Okawaru
Qazlal
Ru
Sif Muna
Trog
Uskayaw
Vehumet
Wu Jian
Yredelemnul
Zin
The Shining One
Beogh

Shops:
Orc:1 *   Orc:2 *?(((

Annotations:
D:8 exclusion: statue, Gastronok, Joseph
Lair:6 3 runed translucent doors, will825x's ghost, journeyman GrFi
Orc:2 3 runed translucent doors, endorz's ghost, journeyman MiFi


Innate Abilities, Weirdness & Mutations

You cannot wear most types of armour.
You are very stealthy in the water. (Stealth+)
You are amphibious.
You can wear up to eight rings at the same time.
You can use your tentacles to constrict eight enemies at once.
Your skin changes colour to match your surroundings (Stealth+).
Your rubbery body absorbs attacks. (AC +1, EV +1)
You have an increased reservoir of magic. (+10% MP)
You are resistant to hostile enchantments. (MR+)
You are weak. (Str -2)


Message History

You kill the ogre!
Cheibriados appreciates the change of pace.
You kill the ogre!
Cheibriados appreciates the change of pace.
You kill the orc warrior!
Cheibriados thoroughly appreciates the change of pace.
You are feeling very hungry.
You can no longer step out of the flow of time.
Cheibriados lowers the support of your attributes as your movement quickens.
The cyclops throws a large rock.
You block the large rock.
An orc warrior comes into view. It is wielding a +0 short sword.
A troll comes into view.
You can feel time thicken for a moment.
You kill the two-headed ogre!
Cheibriados appreciates the change of pace.
You feel somewhat more hungry.
Cheibriados lowers the support of your attributes as your movement quickens.
An orc comes into view. It is wielding a +0 club.
The cyclops throws a large rock.
The large rock hits you!!
You die...

................#.....,,,,,,,,**,
....).....#.............,^*,,,,,,
...)....................,,,,,,,,,
)%)...()...#...........T,,,,,,,,,
)))..((.)..#........)...,,,,,,,,*
)..).)..(............)..,,,,*,,,*
.......)..............)o,,,,,,,**
.....#.)........)))§§.).,,,,,,,,*
..∩.###.#......)@)§§§)..,,,,,,,,*
....# #####.....)☼§○§)..,,,,,,,,*
.#.## *#........).§☼...,,,,,,,,,
#### #............§)o.,,,,,,,,,
##...........).C.,,∩,,,,,,
*#....#..∩........,,,,,,,,, *
**...#.##.......∩..,,,,,,,,, **
**,*...,,#...#......,,,,,,,,, ∩*
*,,,,,,,**,,,**,*,,,,,,,,,,,,


You could see a cyclops, a troll (wandering), an orc warrior and an orc
(wandering).

Vanquished Creatures
  Donald (Orc:2)
  A dire elephant (Lair:6)
  8 hydras
  6 two-headed ogres
  2 deep trolls (Orc:2)
  An unseen horror (D:10)
  An orc knight (Orc:2)
  An orc sorcerer (Orc:2)
  A cyclops (Orc:2)
  7 elephants
  2 black mambas (Lair:6)
  A guardian serpent (Lair:3)
  10 spiny frogs
  3 kobold demonologists (D:11)
  3 komodo dragons
  2 rime drakes (Lair:3)
  A queen bee (Lair:3)
  5 trolls
  3 meliai (Lair:5)
  A polar bear (Lair:6)
  4 blink frogs (Lair:5)
  4 hornets (Lair:6)
  A dream sheep (Lair:6)
  7 hippogriffs
  Sigmund (D:3)
  24 yaks
  A vampire (D:11)
  7 spriggans (Lair:6)
  5 wyverns
  A fire bat (Lair:2)
  3 basilisks
  2 wargs (Orc:1)
  An acid dragon (D:11)
  10 water moccasins
  6 porcupines
  2 ice beasts
  15 orc warriors
  2 sky beasts
  5 black bears (Lair:6)
  A hornet zombie (D:11)
  A necrophage (D:6)
  21 ogres
  2 phantoms
  27 wolves
  4 boggarts (Lair:6)
  5 centaurs
  2 big kobolds (D:11)
  15 crocodiles
  15 bullfrogs
  2 scorpions
  A water moccasin skeleton (D:7)
  45 killer bees
  8 wights
  A howler monkey (D:5)
  3 crimson imps
  A centaur zombie (D:10)
  3 hounds
  2 quasits
  6 orc priests
  2 centaur skeletons
  12 orc wizards
  Jessica (D:2)
  2 bullfrog skeletons
  5 iguanas
  A hell rat (Lair:3)
  9 worker ants
  A hound zombie (D:11)
  Robin (D:2)
  A howler monkey zombie (D:6)
  A worker ant zombie (D:11)
  15 adders
  A shadow imp (D:9)
  An adder zombie (D:6)
  An ooze (D:6)
  5 worms
  7 dart slugs (D:3)
  2 leopard geckos (D:5)
  43 orcs
  7 giant cockroaches
  15 goblins
  6 hobgoblins
  11 jackals
  9 kobolds
  3 quokkas
  5 bats
  7 frilled lizards
  A jackal skeleton (D:6)
  A leopard gecko skeleton (D:4)
  A quokka skeleton (D:7)
  5 rats
508 creatures vanquished.

Vanquished Creatures (collateral kills)
  An ogre mage (Orc:2)
  A hydra (Lair:6)
  3 two-headed ogres (Orc:2)
  A cyclops (D:11)
  A torpor snail (Lair:5)
  2 black mambas
  6 spiny frogs
  A rime drake (Lair:3)
  A komodo dragon (Lair:4)
  A troll (Orc:2)
  3 polar bears
  A dream sheep (Lair:6)
  3 spriggans (Lair:6)
  8 yaks
  A wyvern (Lair:6)
  A basilisk (Lair:6)
  2 porcupines
  3 water moccasins
  A black bear (Lair:3)
  An orc warrior (Orc:2)
  5 wolves (Lair:6)
  A boggart (Lair:6)
  2 ogres (Orc:2)
  5 crocodiles
  3 bullfrogs
  8 killer bees
  2 wights (D:11)
  A crimson imp (D:5)
  An orc priest (D:11)
  An orc wizard (Orc:2)
  A worker ant (D:11)
  A dart slug (D:3)
  5 orcs
  A bat (D:3)
  A giant cockroach (D:3)
  A kobold (D:3)
  2 rats (D:2)
  3 plants
86 creatures vanquished.

Vanquished Creatures (others)
  A queen bee (Lair:5)
  A wight (D:9)
  A howler monkey (D:9)
  2 hounds (D:9)
  A worker ant zombie (D:9)
  A dart slug (D:3)
  A leopard gecko (D:9)
  7 orcs
  A giant cockroach (D:4)
  4 fungi (Lair:4)
  10 plants
30 creatures vanquished.

Grand Total: 624 creatures vanquished

Notes
Turn   | Place    | Note
-------+----------+-------------------------------------------
     0 | D:1      | Maedhros the Octopode Artificer began the quest for the
                  | Orb.
     0 | D:1      | Reached XP level 1. HP: 13/13 MP: 3/3
    58 | D:2      | Reached skill level 1 in Unarmed Combat
    58 | D:2      | Reached XP level 2. HP: 18/18 MP: 4/4
   145 | D:2      | Found a stormy altar of Qazlal.
   309 | D:2      | Reached XP level 3. HP: 10/23 MP: 5/5
   485 | D:4      | Found a shattered altar of Ashenzari.
   558 | D:4      | Reached XP level 4. HP: 6/28 MP: 6/6
   633 | D:5      | Entered Level 5 of the Dungeon
   633 | D:5      | Noticed an ice beast
   688 | D:4      | Noticed an ogre
   699 | D:4      | Killed an ogre
   699 | D:4      | Reached XP level 5. HP: 9/33 MP: 8/8
   738 | D:4      | Found a burning altar of Makhleb.
   744 | D:4      | Found a glowing silver altar of Zin.
   800 | D:5      | Noticed a sky beast
   838 | D:5      | Reached XP level 6. HP: 15/38 MP: 4/9
  1060 | D:5      | Killed an ice beast
  1060 | D:5      | Reached skill level 5 in Stealth
  1060 | D:5      | Reached skill level 5 in Evocations
  1060 | D:5      | Reached XP level 7. HP: 24/43 MP: 10/10
  1087 | D:6      | Reached skill level 5 in Unarmed Combat
  1168 | D:6      | Found a bloodstained altar of Trog.
  1358 | D:6      | Found a sparkling altar of Nemelex Xobeh.
  1567 | D:7      | Found a staircase to the Ecumenical Temple.
  1578 | Temple   | Entered the Ecumenical Temple
  1620 | Temple   | Became a worshipper of Cheibriados the Contemplative
  1646 | D:7      | Reached XP level 8. HP: 12/48 MP: 4/12
  2232 | D:2      | Noticed Jessica
  2238 | D:2      | Killed Jessica
  2246 | D:2      | Noticed Robin
  2260 | D:2      | Reached * piety under Cheibriados
  2265 | D:2      | Killed Robin
  2334 | D:3      | Noticed Sigmund
  2388 | D:3      | Killed Sigmund
  2602 | D:3      | Reached ** piety under Cheibriados
  2839 | D:3      | Found a blossoming altar of Fedhas.
  3124 | D:7      | Reached skill level 1 in Shields
  3251 | D:7      | Reached XP level 9. HP: 55/55 MP: 13/13
  3302 | D:7      | Reached skill level 2 in Shields
  3550 | D:8      | Found a radiant altar of Vehumet.
  3595 | D:8      | Found a hazy altar of Hepliaklqana.
  3627 | D:8      | Gained mutation: You are weak. (Str -2) [potion of
                  | mutation]
  3627 | D:8      | Gained mutation: You have very sharp teeth. [potion of
                  | mutation]
  3628 | D:8      | Lost mutation: You have very sharp teeth. [potion of
                  | mutation]
  3628 | D:8      | Gained mutation: You have an increased reservoir of magic.
                  | (+10% MP) [potion of mutation]
  3628 | D:8      | Gained mutation: You are resistant to hostile enchantments.
                  | (MR+) [potion of mutation]
  3633 | D:8      | Reached *** piety under Cheibriados
  3807 | D:8      | Found an ornate altar of the Wu Jian Council.
  3829 | D:8      | Noticed Joseph
  3833 | D:8      | Noticed Gastronok
  3834 | D:8      | Noticed a two-headed ogre
  3896 | D:9      | Noticed a seven-headed hydra
  3902 | D:9      | Killed a seven-headed hydra
  3902 | D:9      | Reached skill level 3 in Shields
  3915 | D:9      | Learned a level 3 spell: Mephitic Cloud
  3968 | D:9      | Reached XP level 10. HP: 57/64 MP: 13/16
  4044 | D:9      | Learned a level 1 spell: Beastly Appendage
  4180 | D:9      | Reached skill level 5 in Dodging
  4198 | D:9      | Learned a level 1 spell: Animate Skeleton
  4200 | D:9      | Learned a level 1 spell: Apportation
  4222 | D:10     | Entered Level 10 of the Dungeon
  4243 | D:10     | Reached skill level 4 in Shields
  4302 | D:10     | Noticed a two-headed ogre
  4303 | D:10     | Reached **** piety under Cheibriados
  4304 | D:10     | Killed a two-headed ogre
  4304 | D:10     | Reached skill level 1 in Necromancy
  4304 | D:10     | Reached skill level 1 in Translocations
  4378 | D:10     | Killed an unseen horror
  4378 | D:10     | Reached skill level 5 in Fighting
  4573 | D:10     | Found a staircase to the Orcish Mines.
  4892 | D:11     | Noticed a cyclops
  4899 | D:11     | Killed a cyclops
  4899 | D:11     | Reached skill level 10 in Unarmed Combat
  4899 | D:11     | Reached XP level 11. HP: 48/72 MP: 17/17
  4907 | D:11     | Reached skill level 5 in Shields
  5108 | D:11     | Noticed a four-headed hydra
  5112 | D:11     | Killed a four-headed hydra
  5156 | D:11     | Reached ***** piety under Cheibriados
  5267 | D:11     | Reached skill level 6 in Shields
  5275 | D:11     | Noticed a sun demon
  5515 | D:11     | Found a staircase to the Lair.
  5526 | Lair:1   | Entered Level 1 of the Lair of Beasts
  5583 | Lair:1   | Reached skill level 1 in Poison Magic
  5630 | Lair:1   | Got a scorched falchion
  5636 | Lair:1   | Identified the +12 falchion of Linearity {freeze, rC- Str+4
                  | Dex+7} (You found it on level 1 of the Lair of Beasts)
  5651 | Lair:1   | Reached skill level 7 in Shields
  5684 | Lair:1   | Reached skill level 1 in Conjurations
  5684 | Lair:1   | Reached skill level 1 in Air Magic
  5849 | Lair:2   | Found a hole to the Spider Nest.
  5849 | Lair:2   | Noticed Sonja
  5850 | Lair:2   | Noticed Sonja
  5850 | Lair:2   | Sonja changed into Sonja the fire bat
  5862 | Lair:2   | Killed Sonja the fire bat
  5905 | Lair:2   | Noticed a five-headed hydra
  5910 | Lair:2   | Noticed a five-headed hydra
  6039 | Lair:3   | Reached XP level 12. HP: 34/80 MP: 15/18
  6072 | Lair:3   | You fall into a shaft and drop 1 floor!
  6093 | Lair:4   | Reached skill level 8 in Shields
  6098 | Lair:4   | Found a staircase to the Shoals.
  6104 | Lair:4   | Noticed a six-headed hydra
  6153 | Lair:4   | Reached skill level 1 in Invocations
  6320 | Lair:4   | Reached ****** piety under Cheibriados
  6515 | Lair:3   | Reached skill level 9 in Shields
  6531 | Lair:3   | Learned a level 3 spell: Ozocubu's Armour
  6588 | Lair:3   | Reached skill level 5 in Invocations
  6592 | Lair:3   | Reached skill level 1 in Charms
  6592 | Lair:3   | Reached skill level 1 in Ice Magic
  6631 | Lair:3   | Noticed Snorg
  6632 | Lair:3   | Noticed Snorg
  6632 | Lair:3   | Snorg changed into Snorg the guardian serpent
  6645 | Lair:3   | Killed Snorg the guardian serpent
  6957 | Lair:3   | Found a burning altar of Makhleb.
  6994 | Lair:3   | Reached skill level 10 in Shields
  7060 | Lair:2   | Killed a five-headed hydra
  7135 | Lair:2   | Killed a five-headed hydra
  7135 | Lair:2   | Reached XP level 13. HP: 84/84 MP: 19/19
  7620 | Lair:4   | Got a slimy dagger
  7981 | Lair:5   | Reached skill level 11 in Shields
  8441 | Lair:6   | Entered Level 6 of the Lair of Beasts
  8531 | Lair:6   | Identified 2 scrolls of acquirement
  8532 | Lair:6   | Identified the ring "Gumof" {Int-5 Slay+6 SInv Stlth+} (You
                  | acquired it on level 6 of the Lair of Beasts)
  8604 | Lair:6   | Noticed a dire elephant
  8618 | Lair:6   | Killed a dire elephant
  8619 | Lair:6   | Reached skill level 5 in Ice Magic
  8638 | Lair:6   | Reached skill level 5 in Charms
  8699 | Lair:6   | Found a runed translucent gate.
  8699 | Lair:6   | Found a runed translucent gate.
  8705 | Lair:6   | Noticed will825x's ghost (journeyman GrFi)
  8707 | Lair:6   | Found a runed translucent gate.
  8774 | Lair:6   | Reached XP level 14. HP: 49/90 MP: 23/23
  8952 | Lair:6   | Reached skill level 10 in Invocations
  8964 | Lair:6   | Reached skill level 12 in Shields
  9436 | Orc:1    | Entered Level 1 of the Orcish Mines
  9591 | Orc:1    | Found Foick's General Store.
  9618 | Orc:1    | Bought a lightning rod (4/4) for 600 gold pieces
  9618 | Orc:1    | Bought a scroll of magic mapping for 52 gold pieces
  9648 | Orc:2    | Entered Level 2 of the Orcish Mines
  9754 | Orc:2    | Found a runed translucent gate.
  9754 | Orc:2    | Found a runed translucent gate.
  9754 | Orc:2    | Found a runed translucent gate.
  9759 | Orc:2    | Found an opulent altar of Gozag.
  9759 | Orc:2    | Found Cihor's Assorted Antiques.
  9759 | Orc:2    | Noticed endorz's ghost (journeyman MiFi)
  9796 | Orc:2    | Found a staircase to the Elven Halls.
  9808 | Orc:2    | Found a roughly hewn altar of Beogh.
  9847 | Orc:2    | Found Ynisesy's Magic Scroll Shoppe.
  9860 | Orc:2    | Paralysed by an orc sorcerer for 2 turns
  9945 | Orc:2    | Bought a scroll of magic mapping for 38 gold pieces
  9945 | Orc:2    | Bought a scroll of identify for 22 gold pieces
  9945 | Orc:2    | Bought a scroll of fear for 38 gold pieces
  9945 | Orc:2    | Bought a scroll of teleportation for 33 gold pieces
  9945 | Orc:2    | Bought a scroll of teleportation for 33 gold pieces
  9945 | Orc:2    | Bought a scroll of immolation for 38 gold pieces
  9968 | Orc:2    | Found Quher's Antique Weapon Emporium.
  9969 | Orc:2    | Found Coplirch's Antique Weapon Emporium.
  9976 | Orc:2    | Found Futzuc Avioph's Antique Weapon Boutique.
  9981 | Orc:2    | Bought an encrusted hunting sling for 169 gold pieces
  9981 | Orc:2    | Identified the cursed +2 hunting sling "Essudoff" {venom,
                  | Str+3 Int+2} (You bought it in a shop on level 2 of the
                  | Orcish Mines)
  9989 | Orc:2    | Noticed Donald
  9996 | Orc:2    | Killed Donald
  9996 | Orc:2    | Reached skill level 13 in Shields
 10002 | Orc:2    | Hit by a large rock thrown by a cyclops

Levels and vault maps discovered:
D:1:      dpeg_arrival_simpleton_c, layout_basic, minmay_pentomino_o4
D:2:      layout_loops_corners, lemuel_round_altar, first_ration,
          minmay_circle_x, uniq_jessica, uniq_robin
D:3:      kennysheep_slugbush, layout_basic, lemuel_coloured_pillars_altar,
          nemelex_diamond_rough_becter, uniq_sigmund
D:4:      layout_loops_ring, grunt_temple_overflow_order_and_chaos_2,
          nicolae_overflow_hidden_temple, minmay_misc_feat_iff,
          lemuel_flame_loot_1
D:5:      layout_rooms
D:6:      layout_loops_ring, nicolae_overflow_crystal_walls,
          lightli_temple_of_fire, uniq_pikel
D:7:      layout_loops_ring, marbit_many_paths, minmay_temple_entry_offerings
D:8:      layout_basic, lemuel_crystal_altar, vehumet_statue,
          lemuel_zombie_altar_kikubaaqudgha, overflow_temple_1_default,
          uniq_joseph, uniq_gastronok
D:9:      layout_loops_corners, xom_confusion_cloud
D:10:     layout_loops_cross, orc_0_dummy
D:11:     layout_long_grid, lair_entry_dummy
Temple:   dpeg_three_leaves_temple
Lair:1:   layout_cave_pods, grunt_megastairs_2
Lair:2:   layout_cellular_growth, nicolae_spider_entry_non_spiders, uniq_sonja
Lair:3:   regret_index_wax_grids, layout_chaotic_city, basic_altar, uniq_snorg
Lair:4:   layout_regular_city, elwin_shoals_entry_stream, grunt_megastairs_1
Lair:5:   layout_hall_layers, special_room [special_room_bee],
          infiniplex_staircase_pool_2, grunt_megastairs_4
Lair:6:   minmay_lair_end_enchanted_forest, layout_hall_layers,
          dpeg_slime_entry_corner, gammafunk_ghost_hydra_chop,
          grunt_megastairs_3, infiniplex_staircase_pool
Orc:1:    layout_diamond_mine, serial_shops, shop, rock_pile
Orc:2:    st_orc_open, layout_caves, ebering_ghost_gozag, serial_shops, shop,
          basic_altar, uniq_donald

Skill      XL: |  1  2  3  4  5  6  7  8  9 10 11 12 13 14 |
---------------+-------------------------------------------+-----
Unarmed Combat | 1 2 3 4 6 7 8 10 | 10.2
Stealth        | 2 3 4 5 6 7 8 9 |  9.6
Evocations     | 4 5 6 |  6.1
Fighting       | 2 4 5 6 7 |  7.7
Dodging        | 3 4 5 6 7 |  7.9
Shields        | 1 3 4 7 10 11 13 | 13.1
Necromancy     | 2 |  2.0
Translocations | 2 |  2.0
Poison Magic   | 4 |  4.6
Conjurations   | 2 |  2.5
Air Magic      | 2 |  2.5
Invocations    | 6 9 10 | 10.2
Charms         | 2 5 |  5.6
Ice Magic      | 2 5 |  5.7
Short Blades   | |  1.0

Action                   |  1- 3 |  4- 6 |  7- 9 | 10-12 | 13-15 || total
-------------------------+-------+-------+-------+-------+-------++-------
Melee: Short sword       |    50 |    45 |    63 |       |       ||   158
       Constrict         |    11 |    10 |    56 |    73 |    97 ||   247
       Tentacles         |     6 |     6 |    68 |   167 |   189 ||   436
       Punch             |       |     1 |    19 |    66 |    76 ||   162
       Unarmed           |       |       |   186 |   416 |   414 ||  1016
       Kick              |       |       |       |    14 |       ||    14
Throw: Boomerang         |       |       |     9 |       |       ||     9
       Dart              |       |       |     6 |    16 |     1 ||    23
 Cast: Animate Skeleton  |       |       |       |    55 |    81 ||   136
       Beastly Appendage |       |       |       |     9 |       ||     9
       Ozocubu's Armour  |       |       |       |       |    14 ||    14
Invok: Slouch            |       |       |       |    10 |    18 ||    28
Evoke: Wand              |    10 |    29 |    16 |    26 |    17 ||    98
       Lightning rod     |       |       |       |       |     4 ||     4
  Use: Scroll            |       |     1 |     1 |    23 |     9 ||    34
       Potion            |       |       |     7 |     4 |     3 ||    14
 Stab: Sleeping          |     7 |     4 |    25 |    16 |    14 ||    66
       Distracted        |     1 |       |     1 |     5 |    10 ||    17
       Invisible         |       |       |     1 |       |       ||     1
       Confused          |       |       |       |       |     1 ||     1
  Eat: Chunk             |       |       |     4 |    12 |    11 ||    27
       Ration            |       |       |     1 |       |     1 ||     2
Armor: Skin              |     5 |     5 |     7 |     8 |    21 ||    46
Dodge: Dodged            |    32 |    29 |   150 |   211 |   266 ||   688
Block: Kite shield       |       |       |       |   246 |   381 ||   627

Table legend:
 A = Non-vault XP
 B = Vault XP
 C = Vault XP percentage of total XP
 D = Non-vault monster count
 E = Vault monster count
 F = Vault count percentage of total count
                 A         B        C        D         E       F
            +---------+---------+-------+---------+---------+-------
      Total |   45707 |   33510 |  42.3 |     388 |     203 |  34.3
            +---------+---------+-------+---------+---------+-------
        D:1 |      17 |       2 |  10.5 |      11 |       2 |  15.4
        D:2 |      51 |      76 |  59.8 |      18 |      14 |  43.8
        D:3 |     105 |     257 |  71.0 |      20 |       9 |  31.0
        D:4 |     252 |       0 |   0.0 |      13 |       0 |   0.0
        D:5 |     455 |       0 |   0.0 |      15 |       0 |   0.0
        D:6 |     322 |       0 |   0.0 |      10 |       0 |   0.0
        D:7 |    1184 |       0 |   0.0 |      20 |       0 |   0.0
        D:8 |     749 |       0 |   0.0 |      11 |       0 |   0.0
        D:9 |    2042 |      48 |   2.3 |      22 |       1 |   4.3
       D:10 |    2833 |       0 |   0.0 |      21 |       0 |   0.0
       D:11 |    5521 |       0 |   0.0 |      51 |       0 |   0.0
     Lair:1 |    1315 |     481 |  26.8 |       8 |       2 |  20.0
     Lair:2 |    5172 |     330 |   6.0 |      25 |       9 |  26.5
     Lair:3 |    3898 |    6424 |  62.2 |      20 |      45 |  69.2
     Lair:4 |    3464 |    1436 |  29.3 |      17 |       3 |  15.0
     Lair:5 |    7056 |    3169 |  31.0 |      25 |      29 |  53.7
     Lair:6 |    6833 |    7772 |  53.2 |      28 |      54 |  65.9
      Orc:1 |    1365 |       9 |   0.7 |      23 |       3 |  11.5
      Orc:2 |    3073 |   13506 |  81.5 |      30 |      32 |  51.6
            +---------+---------+-------+---------+---------+-------
